AoeStats
← [taberna] carlos3g

Arena

510940514Analyzed
4v4 RM · 17d ago on Oct 3, 2026· 35m 16s· 8 players
Game mode
Random Map
Map size
Large (8 player)
Population
200
Speed
Normal
Resources
Standard
Victory
Conquest
Starting age
Dark Age
Ending age
Imperial Age
RankedLock teamsTeams togetherTeam positionsShared explorationLock speedFull tech treeHidden civsTurbo modeCheats
Victory
Defeat
🇧🇷 Spanish · Brazil
775
+7
🇧🇷 Huns · Brazil
741
+9
🇧🇷 Lithuanians · Brazil
732
+9
🇧🇷 Aztecs · Brazil
644
+13
vs
🇰🇷 Celts · South Korea
609
-11
🇨🇴 Romans · Colombia
605
-11
🇫🇷 Sicilians · France
524
-8
🇺🇸 Burgundians · United States
517
-8
CARMONEITOR
0:28 Loom
11:41 Feudal Age
13:07 Double-Bit Axe
14:33 Wheelbarrow
13:55 Gold Mining
15:37 Horse Collar
21:35 Castle Age
19:54 Stone Mining
20:19 Scale Mail Armor
21:35 Man-at-Arms
22:17 Squires
24:22 Hand Cart
24:22 Bow Saw
25:30 Heavy Plow
25:35 Long Swordsman
28:42 Forging
30:36 Chain Mail Armor
31:22 Fervor
34:23 Iron Casting
34:34 Gold Shaft Mining
34:10 Caravan
34:41 Coinage
34:03 Town Watch
37:25 Imperial Age
35:24 Ballistas
35:11 Fletching
plouga
1:24 Loom
8:17 Double-Bit Axe
9:47 Horse Collar
11:28 Wheelbarrow
14:25 Gold Mining
14:26 Stone Mining
16:14 Feudal Age
17:43 Bow Saw
18:14 Gold Shaft Mining
18:15 Stone Shaft Mining
17:47 Heavy Plow
18:10 Hand Cart
17:51 Town Watch
27:29 Castle Age
27:37 Cavalier
28:17 Husbandry
31:18 Two-Man Saw
32:04 Forging
32:00 Scale Barding Armor
anthony008
2:14 Loom
12:51 Feudal Age
14:09 Wheelbarrow
13:24 Town Watch
13:35 Double-Bit Axe
13:34 Horse Collar
17:17 Stone Mining
17:18 Gold Mining
18:08 Fletching
18:19 Scale Mail Armor
18:29 Forging
19:54 Arson
29:59 Castle Age
29:43 Padded Archer Armor
29:54 Forging
29:50 Scale Barding Armor
31:09 Bow Saw
31:05 Heavy Plow
32:16 Gold Shaft Mining
32:34 Stone Shaft Mining
32:27 Crossbowman
32:29 Elite Skirmisher
34:32 Hand Cart
tuck205
0:59 Loom
12:57 Feudal Age
14:22 Wheelbarrow
13:38 Double-Bit Axe
17:38 Gold Mining
21:23 Castle Age
19:13 Horse Collar
20:05 Fletching
20:58 Stone Mining
22:12 Forging
22:36 Hand Cart
22:25 Heavy Plow
22:39 Bow Saw
23:57 Caravan
24:31 Scale Mail Armor
34:04 Imperial Age
Typhz
11:15 Feudal Age
16:23 Castle Age
15:49 Loom
23:49 Double-Bit Axe
23:46 Horse Collar
29:37 Heavy Plow
30:34 Bow Saw
31:30 Gold Mining
34:12 Wheelbarrow
34:37 Pikeman
TheuzzLivee
12:59 Feudal Age
17:53 Castle Age
15:46 Double-Bit Axe
20:57 Husbandry
24:02 Scale Barding Armor
24:10 Forging
33:46 Imperial Age
segfault
11:52 Feudal Age
10:08 Loom
20:46 Castle Age
19:23 Wheelbarrow
21:37 Stone Mining
25:40 Double-Bit Axe
28:34 Hand Cart
32:31 Bow Saw
36:59 Imperial Age
[taberna] carlos3g
11:01 Feudal Age
17:19 Castle Age
17:43 Double-Bit Axe
18:58 Gold Mining
18:54 Horse Collar
21:30 Scale Barding Armor
21:28 Husbandry
21:40 Bloodlines
26:56 Chain Barding Armor
30:29 Heavy Plow
30:42 Bow Saw
35:37 Imperial Age
Connection lost

Rejoining the realm…

Still unreachable

The connection could not be restored.

Session expired

The server has moved on; the page needs a fresh start.